 Dungeon Crawl Stone Soup version 0.27.0-1-g7a089689b8 (webtiles) character file.

Game seed: 15668139175288758036

212 Spectrina the Sneak (level 5, 0/31 HPs)
             Began as a Deep Elf Monk on Aug 12, 2021.
             Succumbed to a scorpion's poison
             ... on level 5 of the Dungeon.
             The game lasted 00:07:15 (818 turns).

Spectrina the Sneak (Deep Elf Monk)                  Turns: 818, Time: 00:07:16

Health: 0/31       AC:  3    Str:  8    XL:     5   Next: 58%
Magic:  7/7        EV: 13    Int: 16    God:
Gold:   32         SH:  0    Dex: 17    Spells: 4/4 levels left

rFire    . . .     SeeInvis .   a - +0 short sword
rCold    . . .     Faith    .   (no shield)
rNeg     . . .     Spirit   .   b - +0 robe
rPois    .         Reflect  .   p - +0 helmet
rElec    .         Harm     .   (no cloak)
rCorr    +         Rampage  .   (no gloves)
Will     +....                  (no boots)
Stlth    ++++......             (no amulet)
HPRegen  0.10/turn              l - ring of resist corrosion
MPRegen  0.10/turn              m - ring of willpower

@: lethally poisoned (0 -> -5)
A: no striking features
a: no special abilities


You were on level 5 of the Dungeon.
You visited 1 branch of the dungeon, and saw 6 of its levels.

You collected 64 gold pieces.
You spent 32 gold pieces at shops.

Inventory:

Hand Weapons
 a - a +0 short sword (weapon)
 g - a +0 dagger
Missiles
 d - 2 datura-tipped darts (quivered)
 f - 10 arrows
 h - 96 stones
 i - 2 curare-tipped darts
 k - 18 poisoned darts
 o - 14 sling bullets
Armour
 b - a +0 robe (worn)
 j - a +2 chain mail of fire resistance
 p - a +0 helmet (worn)
Jewellery
 l - a ring of resist corrosion (left hand)
 m - a ring of willpower (right hand)
Wands
 c - a wand of flame (24)
 e - a wand of paralysis (4)
Scrolls
 n - 2 scrolls of vulnerability
Potions
 q - a potion of degeneration


   Skills:
 - Level 2.4 Fighting
 - Level 3.0 Short Blades
 - Level 3.6 Dodging
 + Level 7.7 Stealth


You had 4 spell levels left.
You didn't know any spells.
Your spell library was empty.

Dungeon Overview and Level Annotations

Branches:
Dungeon (6/15)
 Temple: D:4-7

Altars:
Okawaru

Shops:
D:3 [*   D:4 !

Annotations:
D:4 Edmund, Pikel


Message History

Okay, then.
You hear a shout!
The lemure hits you. The scorpion misses you.
The lemure hits you but does no damage. The scorpion barely misses you.
The scorpion barely misses you. The scorpion stings you.
You are poisoned.
The scorpion poisons you!
You feel very sick.
Aiming: Paralyse
Press: ? - help, Shift-Dir - straight line, f - scorpion
Aim: a scorpion (chance to affect: 46%)
The scorpion suddenly stops moving!
You feel very sick.
The helpless scorpion fails to defend itself.
You impale the scorpion!!
You kill the scorpion!
You feel sick. The hound skeleton bites you.
* * * LOW HITPOINT WARNING * * *
Unknown command.
Okay, then.
You hit the hound skeleton.
The hound skeleton is moderately damaged.
* * * LOW HITPOINT WARNING * * *
You feel sick.
Unknown command.
Unknown command.
Aiming: Paralyse
Press: ? - help, Shift-Dir - straight line, f - scorpion
Aim: a scorpion (chance to affect: 46%)
The scorpion resists with some effort.
* * * LOW HITPOINT WARNING * * *
You feel sick. The scorpion stings you.
* * * LOW HITPOINT WARNING * * *
Aiming: Paralyse
Press: ? - help, Shift-Dir - straight line, f/p - scorpion
Aim: a scorpion (chance to affect: 46%)
The scorpion suddenly stops moving!
You die...

#.....# #.....##
#......# #......#
#o.....# #.o....#
#SZ....# ########
#s#.#### #......# #@#.#
#......#####.#.####
#.................#
#......#####......#
#####.##########.....#
#.................####
#.##...################
#.##.....s..#.sZ.Z....#
#.##.#.###Z##.#######.#


You could see a scorpion (paralysed), an adder, 2 orcs and a hound skeleton.

Vanquished Creatures
  An ogre (D:5)
  A scorpion (D:5)
  Ijyb (D:3)
  An iguana (D:5)
  An adder (D:5)
  An orc (D:4)
  A ball python (D:4)
  An endoplasm (D:2)
  A goblin (D:4)
  A hobgoblin (D:4)
  A quokka (D:3)
  A frilled lizard (D:1)
  A kobold (D:2)
  A rat (D:2)
14 creatures vanquished.

Notes
Turn   | Place    | Note
-------+----------+-------------------------------------------
     0 | D:1      | Spectrina the Deep Elf Monk began the quest for the Orb.
     0 | D:1      | Reached XP level 1. HP: 13/13 MP: 3/3
   124 | D:3      | Noticed Ijyb
   130 | D:3      | Found Gac Lus's Assorted Antiques.
   139 | D:3      | Killed Ijyb
   140 | D:3      | Reached skill level 4 in Stealth
   140 | D:3      | Reached XP level 2. HP: 8/18 MP: 4/4
   140 | D:3      | Reached XP level 3. HP: 10/22 MP: 5/5
   201 | D:3      | Bought a white potion for 19 gold pieces
   268 | D:3      | Found Favveu's Antique Armour Boutique.
   323 | D:4      | Noticed a centaur
   343 | D:4      | Noticed Edmund
   350 | D:4      | Found Sileik Zapey's Distillery.
   367 | D:4      | Bought a potion of degeneration for 13 gold pieces
   386 | D:5      | Entered Level 5 of the Dungeon
   390 | D:4      | Noticed a lemure
   390 | D:4      | Noticed a lemure
   402 | D:4      | Found an iron altar of Okawaru.
   423 | D:4      | Noticed Pikel
   441 | D:5      | Noticed a scorpion
   441 | D:5      | Noticed a scorpion
   453 | D:6      | Noticed a sky beast
   468 | D:5      | Noticed an ogre
   468 | D:5      | Noticed a phantom
   474 | D:5      | Reached skill level 5 in Stealth
   517 | D:5      | Reached XP level 4. HP: 14/27 MP: 6/6
   519 | D:5      | Killed an ogre
   520 | D:5      | Reached skill level 7 in Stealth
   520 | D:5      | Reached XP level 5. HP: 16/31 MP: 7/7
   661 | D:4      | Noticed a lemure
   669 | D:4      | Noticed a lemure
   817 | D:5      | HP: 1/31 [scorpion (4)]
   818 | D:5      | Succumbed to a scorpion's poison

Illustrated notes

Levels and vault maps discovered:
D:1:      minmay_arrival_jagged, layout_loops_ring,
          chequers_ecumenical_altar_grove
D:2:      layout_loops_ring, serial_shops, shop
D:3:      layout_basic, serial_shops, shop, nicolae_shop_overgrown_old_shop,
          shop, nicolae_square_shop, shop, goddamned_bats, uniq_ijyb,
          uniq_robin, uniq_jessica
D:4:      layout_basic, okawaru_metal_pillars_1_2, serial_shops, shop,
          uniq_pikel, uniq_edmund, uniq_crazy_yiuf_cottage
D:5:      layout_basic, gup_sewer_entry_pipe
D:6:      layout_rooms, minmay_temple_entry_statues, serial_glass,
          glass_columns_a, glass_columns_a, glass_columns_a, glass_columns_a,
          glass_columns_c, glass_columns_b, glass_columns_a, glass_columns_b,
          glass_columns_a, glass_columns_a, glass_columns_a, glass_columns_a,
          glass_columns_c, glass_columns_a, uniq_duvessa, uniq_eustachio

Skill      XL: |  1  2  3  4 |
---------------+-------------+-----
Stealth        | 4 5 7 |  7.7
Fighting       | |  2.4
Short Blades   | |  3.0
Dodging        | |  3.6

Action                   |  1- 3 |  4- 6 || total
-------------------------+-------+-------++-------
Melee: Short sword       |    25 |    11 ||    36
       Unarmed           |     6 |       ||     6
       Dagger            |     2 |     2 ||     4
Evoke: Wand              |     2 |     4 ||     6
  Use: Potion            |     3 |       ||     3
       Scroll            |     3 |       ||     3
 Stab: Sleeping          |     5 |       ||     5
       Paralysed         |     1 |     2 ||     3
Armor: Skin              |     3 |       ||     3
       Robe              |     5 |     6 ||    11
Dodge: Dodged            |    23 |    17 ||    40
